Cogmind - Beta 15 @@@ ROGUE MODE // 2025.08.03 @ 16:31:41 Player: Phosphophyllite Result: Destroyed by as-34246 with Assembled Blade Performance ------------- Evolutions (0) 0 Regions Visited (2) 400 Robots Destroyed (15) 75 Value Destroyed (224) 224 Prototype IDs (0) 0 Alien Tech Used (0) 0 Bonus (0) 0 TOTAL SCORE: 699 Bonus ------- None Cogmind --------- Core Integrity 0/250 Matter 285/300 Energy 240/240 System Corruption 0% Temperature Warning (316) Movement Walking (190) Ox1 Location -10/Mines Parts ------- > --- POWER (1) -------- Nuclear Core > --- PROPULSION (2) --- Aluminum Leg Aluminum Leg > --- UTILITY (2) ------ Small Storage Unit > --- WEAPON (2) ------- Heavy Particle Cannon Light Assault Rifle > --- INVENTORY (8) ---- Light Nuclear Core Light Angular Momentum Engine Light Treads Carbon-fiber Leg Medium Storage Unit Improved Sensor Array Target Analyzer Particle Gun Peak State ------------ > --- POWER ------------ Nuclear Core > --- PROPULSION ------- Aluminum Leg Aluminum Leg > --- UTILITY ---------- Small Storage Unit Seismic Detector > --- WEAPON ----------- Particle Gun Light Assault Rifle > --- INVENTORY -------- Light Nuclear Core Light Angular Momentum Engine Light Treads Light Treads Medium Storage Unit Improved Sensor Array Target Analyzer Heavy Particle Cannon [Rating: 12] Favorites ----------- Power Ion Engine Engine Ion Engine Power Core Nuclear Core Propulsion Aluminum Leg Leg Aluminum Leg Utility Small Storage Unit Device Seismic Detector Storage Small Storage Unit Weapon Light Assault Rifle Energy Gun Small Laser Energy Cannon Heavy Particle Cannon Ballistic Gun Light Assault Rifle Build | -11 -10 -10 ------- Run | Yrd Mat Min Slots Evolved . | . . . Power . | . . . Propulsion . | . . . Utility . | . . . Weapon . | . . . Parts Attached 12 | 7 . 5 Power 2 | 1 . 1 Engine 1 | 1 . . Core 1 | . . 1 Reactor . | . . . Propulsion 3 | 2 . 1 Treads . | . . . Leg 3 | 2 . 1 Wheel . | . . . Hover . | . . . Flight . | . . . Utility 2 | 2 . . Device 1 | 1 . . Storage 1 | 1 . . Processor . | . . . Hackware . | . . . Protection . | . . . Artifact . | . . . Weapon 5 | 2 . 3 Energy Gun 2 | 1 . 1 Energy Cannon 1 | . . 1 Ballistic Gun 2 | 1 . 1 Ballistic Cannon . | . . . Launcher . | . . . Special Weapon . | . . . Impact Weapon . | . . . Slashing Weapon . | . . . Piercing Weapon . | . . . Special Melee Weapon . | . . . Unidentified Prototypes . | . . . Parts Lost 1 | . . 1 Power . | . . . Propulsion . | . . . Utility 1 | . . 1 Weapon . | . . . Highest Loss Streak 1 | . . 1 To Critical Strikes . | . . . Average Backups 6 | 4 7 7 Power 1 | . 1 1 Propulsion 3 | 2 3 2 Utility 1 | . 1 2 Weapon . | . 1 1 Tool/Special . | . . . Unused Backups 15 | . 2 13 Power 3 | . . 3 Propulsion 7 | . 1 6 Utility 4 | . 1 3 Weapon 1 | . . 1 Tool/Special . | . . . Average Slot Usage (%) 99 | . 100 99 Engine 7 | . 14 4 Core 6 | . . 9 Leg 28 | . 28 28 Device 13 | . 14 13 Storage 14 | . 14 14 Energy Gun 13 | . 14 13 Ballistic Gun 14 | . 14 14 Peak Build Rating 12 | 7 8 12 Average Rating 8 | 5 7 10 On Entrance 4 | . 7 7 Naked Turns . | . . . Heaviest Build 19 | 13 13 19 Greatest Support 20 | 20 20 20 Greatest Overweight (x) 3 | 3 . . Average Overweight (x) . | . . . Largest Inventory Capacity 8 | 8 8 8 Average Capacity 7 | 7 8 8 Most Carried 8 | 6 8 8 Average Carried 6 | 5 7 7 Final Capacity 8 | 8 8 8 Final Carried 8 | 6 8 8 Class Distribution -------------------- 88% | Mutant 11% | Scavenger-Mutant Dominant Class ---------------- Mutant | -10/Materials Mutant | -10/Mines Resources | -11 -10 -10 ----------- Run | Yrd Mat Min Matter Collected 348 | 245 47 56 Remotely . | . . . Salvage Created 438 | 120 117 201 Parts 38 | 13 11 14 Haulers Intercepted . | . . . Recyclers Shooed 3 | 1 1 1 Parts Field Recycled . | . . . Retrieved Matter . | . . . Parts Self-Destructed . | . . . Prevented . | . . . Kills | -11 -10 -10 ------- Run | Yrd Mat Min Combat Hostiles Destroyed 11 | . 3 8 Guns 9 | . 3 6 Cannons 2 | . . 2 Classes Destroyed 6 | 2 2 2 Tunneler 3 | 3 . . Recycler 2 | 1 1 . Watcher 1 | . 1 . Swarmer 6 | . 3 3 Grunt 3 | . . 3 Assembled 2 | . . 2 Best Kill Streak 3 | 2 3 2 Combat Bots Only 2 | . 2 2 Max Kills in Single Turn 1 | 1 1 1 Gunslinging . | . . . Exploded . | . . . Melee . | . . . Uniques/NPCs Destroyed . | . . . Combat | -11 -10 -10 -------- Run | Yrd Mat Min Hostile Shots Fired 77 | . 17 60 Missed 22 | . 3 19 Hits 55 | . 14 41 Melee 10 | . . 10 Projectile 45 | . 14 31 Critical Strikes 1 | . 1 . Part Disruptions 1 | . . 1 Damage Taken 729 | . 102 627 Core 263 | . 6 257 Absorbed by Shields . | . . . Core Remaining (%) 100 | 100 . . Volleys Fired 45 | 8 14 23 Largest 2 | 2 2 2 Hottest 95 | 60 60 95 Shots Fired 90 | 16 28 46 Gun 85 | 16 28 41 Cannon 5 | . . 5 Launcher . | . . . Special . | . . . Kinetic 45 | 8 14 23 Thermal 45 | 8 14 23 Explosive . | . . . Electromagnetic . | . . . Robot Hit Streak 7 | 4 3 7 Robot Miss Streak 6 | 1 6 6 Penetration Max . | . . . Secondary Targets 2 | . 1 1 Max Gunslinging Chain 1 | . 1 1 Shots Hit Robots 45 | 10 11 24 Core Hits 29 | 5 8 16 Critical Kills . | . . . Critical Parts Destroyed . | . . . Critical Strikes . | . . . Melee Attacks . | . . . Impact . | . . . Slashing . | . . . Piercing . | . . . Sneak Attacks . | . . . Combat Hostiles . | . . . Follow-up Attacks . | . . . Damage Inflicted 535 | 105 96 334 Guns 485 | 105 96 284 Cannons 50 | . . 50 Explosions . | . . . Melee . | . . . Ramming . | . . . Kinetic 168 | 17 43 108 Thermal 367 | 88 53 226 Explosive . | . . . Electromagnetic . | . . . Impact . | . . . Slashing . | . . . Piercing . | . . . Highest Corruption . | . . . Average Corruption . | . . . Corruption Purged . | . . . Corruption Blocked . | . . . Overload Shots . | . . . Overflow Damage . | . . . Projectiles . | . . . Explosions . | . . . Melee . | . . . Knockbacks . | . . . Impact . | . . . Kinetic . | . . . Secondary . | . . . Self-Inflicted Damage . | . . . Shots . | . . . Rammed . | . . . Targets Rammed . | . . . Kicked . | . . . Crushed . | . . . Highest Temperature 296 | 40 40 296 Average Temperature 51 | 22 22 70 Received Heat Transfer 174 | . . 174 Siege Activations . | . . . Martial Activations . | . . . Shielding Activations . | . . . Robots Disrupted . | . . . Combat Hostiles . | . . . Robots Corrupted . | . . . Combat Hostiles . | . . . Parts Fried . | . . . Impact Corruptions . | . . . Robots Melted . | . . . Combat Hostiles . | . . . Parts Melted . | . . . Heat Transferred 808 | 200 125 483 Parts Sabotaged . | . . . Parts Stolen . | . . . Parts Stripped . | . . . Power Chain Reactions . | . . . Alert | -11 -10 -10 ------- Run | Yrd Mat Min Maximum Alert Level . | . . . Low Security (%) 100 | 100 100 100 Level 1 . | . . . Level 2 . | . . . Level 3 . | . . . Level 4 . | . . . Level 5 . | . . . High Security . | . . . Max Security . | . . . Peak Influence 69 | 5 62 69 Initial 19 | . . 19 Average 24 | 1 19 41 Influence Increases 255 | 20 82 153 Destroy 0b10 Robot/C 180 | . 60 120 Destroy 0b10 Robot/NC 30 | 20 10 . Destroy Leader 42 | . 12 30 Destroy Structure 3 | . . 3 Influence Decreases 243 | 20 30 193 Entered New Map 33 | . . 33 Time Decay 200 | 20 30 150 Lost Part 10 | . . 10 Squads Dispatched 2 | . 1 1 Investigation 1 | . . 1 Extermination . | . . . Reinforcement 1 | . 1 . Assault . | . . . Garrison . | . . . Intercept . | . . . Searches Triggered . | . . . Construction Impeded . | . . . Haulers Reinforced . | . . . Active Scanning Responses . | . . . Cargo Convoy Interrupts . | . . . Stealth | -11 -10 -10 --------- Run | Yrd Mat Min Distress Signals 1 | . 1 . Communications Jammed . | . . . Distress Signals . | . . . Times Spotted 29 | . 8 21 Peak Tracking Total 17 | . 5 17 Tactical Retreats 1 | . . 1 Traps | -11 -10 -10 ------- Run | Yrd Mat Min Traps Triggered . | . . . Indirectly . | . . . Trap Hack Attempts . | . . . Triggered . | . . . Disarmed . | . . . Reprogrammed . | . . . Reused . | . . . Traps Extracted . | . . . Installed . | . . . Triggered . | . . . Machines | -11 -10 -10 ---------- Run | Yrd Mat Min Machines Disabled . | . . . Max in Single Turn . | . . . Machines Repaired . | . . . Machines Dismantled . | . . . Machines Sabotaged . | . . . Overloaded Fab Kills . | . . . Hacking | -11 -10 -10 --------- Run | Yrd Mat Min Machines Accessed 2 | . . 2 Terminals 1 | . . 1 Fabricators . | . . . Repair Stations . | . . . Recycling Units . | . . . Scanalyzers . | . . . Garrison Access . | . . . Total Hacks 4 | . . 4 Successful 1 | . . 1 Failed 3 | . . 3 Catastrophic . | . . . Database Lockouts . | . . . Manual 3 | . . 3 Terminals 3 | . . 3 Fabricators . | . . . Repair Stations . | . . . Recycling Units . | . . . Scanalyzers . | . . . Garrison Access . | . . . Terminal Hacks 1 | . . 1 Open Door 1 | . . 1 Fabricator Hacks . | . . . Repair Station Hacks . | . . . Recycling Unit Hacks . | . . . Scanalyzer . | . . . Garrison Access Hacks . | . . . Unauthorized Hacks . | . . . Terminals . | . . . Fabricators . | . . . Repair Stations . | . . . Recycling Units . | . . . Scanalyzers . | . . . Garrison Access . | . . . Data Cores Recovered . | . . . Used . | . . . Hacking Detections 1 | . . 1 Full Trace Events . | . . . Feedback Events . | . . . Feedback Blocked . | . . . Robot Schematics Acquired . | . . . Robots Built . | . . . Authchips . | . . . Time . | . . . Total Robot Build Rating . | . . . Part Schematics Acquired . | . . . Parts Built . | . . . Authchips . | . . . Time . | . . . Total Part Build Rating . | . . . Parts Repaired . | . . . Time . | . . . Parts Recycled . | . . . Recycled Matter . | . . . Retrieved Matter . | . . . Retrieved Components . | . . . Parts Scanalyzed . | . . . Part Schematics Acquired . | . . . Parts Damaged . | . . . Bothacking | -11 -10 -10 ------------ Run | Yrd Mat Min Used RIF Installer . | . . . Robots Hacked . | . . . Non-combat . | . . . Combat . | . . . Robot Hacks Applied . | . . . Relay Couplers Released . | . . . Fabnet Peak Effective % . | . . . Robots Rewired . | . . . Allies Hacked . | . . . Hacks Repelled . | . . . Allies | -11 -10 -10 -------- Run | Yrd Mat Min Total Allies . | . . . Largest Group . | . . . Highest-Rated Group . | . . . Highest-Rated Ally . | . . . Total Orders . | . . . Ally Attacks . | . . . Total Damage . | . . . Kills . | . . . Allies Corrupted . | . . . Allies Melted . | . . . Intel | -11 -10 -10 ------- Run | Yrd Mat Min Active Infowar (turns) 528 | 109 138 281 Seismic 528 | 109 138 281 Robot Analysis Total . | . . . Derelict Logs Recovered . | . . . Drone Launches . | . . . Drone Recoveries . | . . . Exploration | -11 -10 -10 ------------- Run | Yrd Mat Min Turns Passed 623 | 183 138 302 Spaces Moved 383 | 120 79 184 Core 18 | 18 . . Treads . | . . . Legs 365 | 102 79 184 Wheels . | . . . Hover . | . . . Flight . | . . . Fastest Speed 50 | 50 120 120 Average Speed 120 | 120 120 120 Slowest Speed 200 | 200 120 120 Overloaded Moves . | . . . Propulsion Burnouts . | . . . Robots Hopped . | . . . Potential Cave-ins . | . . . Cave-ins Triggered . | . . . Exploration Rate (%) 22 | 6 16 45 Regions Visited 2 Branch Regions 1 Pre-discovered Areas . | . . . Known Exits Taken . | . . . Unknown Exits Taken 2 | 1 1 . Scrap Searched 1 | . . 1 Spaces Dug . | . . . Terrain Destroyed 3 | . . 3 Melee . | . . . Projectile 3 | . . 3 AOE . | . . . Terrain Rammed . | . . . Walls Destroyed . | . . . Machines Disabled . | . . . Actions | -11 -10 -10 --------- Run | Yrd Mat Min Total 468 | 140 98 230 Wait 2 | . . 2 Move 381 | 119 78 184 Hop . | . . . Pick Up 16 | 6 4 6 Fast Attach 7 | 7 . . Attach . | . . . Detach . | . . . Swap 5 | . . 5 Drop 12 | . 2 10 Fire 45 | 8 14 23 Melee . | . . . Ram . | . . . Kick . | . . . Crush . | . . . Escape Stasis . | . . . Rewire . | . . . Trap . | . . . Miscellaneous . | . . . Route ------- -11/Scrapyard -10/Materials -10/Mines History --------- Turn | Location | Event 31 | -11/Scrapyard | Discovered new exit (range 15) 184 | -11/Scrapyard | Entered Materials 242 | -10/Materials | Discovered new exit (range 8) 322 | -10/Materials | Entered Mines 330 | -10/Mines | Build established: Mutant 339 | -10/Mines | Met a Derelict bent on vengeance 406 | -10/Mines | Met a Derelict shopkeep closing up shop 588 | -10/Mines | Assembled infested the area 618 | -10/Mines | Core integrity fell below 50% 624 | -10/Mines | Core integrity fell below 20% 624 | -10/Mines | Destroyed by as-34246 with Assembled Blade Last Messages --------------- 00463_ K-01 Serf collects debris. 00464_ Dropped Lgt. Treads. 00464_ Acquired Carbon-fiber Leg. 00477_ K-01 Serf collects debris. 00523_ S-10 Pest destroyed. 00527_ Switching to secondary target: S-10 Pest. 00530_ S-10 Pest destroyed. 00532_ K-01 Serf collects debris. 00533_ Acquired 5 matter. 00535_ Dropped Lgt. Assault Rifle. 00538_ Acquired 10 matter. 00588_ ALERT: Infestation in the mines, dispatching Demolisher response squad. 00603_ Seismic Detector destroyed. 00609_ as-09720 destroyed. 00614_ T-07 Excavator Lgt. Ion Engine severed. 00614_ T-07 Excavator destroyed. 00620_ as-09200 destroyed. 00620_ Knocked back. [Achievement: Back For More] Map ----- +----------------------------------------------------+ | ????????# ##???# ##?????????????????????????? | | ????????# ###### #??????????????????????????? | | ????????# ## ### ??????????????????????????? | | ????????# # ### ??????????????????????????? | | ????????# ### ??????????????????????????? | | ????????#### #??#??????????????????????????? | | ??????????## #?????????????????????????????? | | ?????????## ##?????????????????????????????? | | ????????## #??????????????????????????????? | | ???????## #??????????????????????????????? | | ???????# ##??????????????????????????????? | | ???????# ##???????????????????????????????? | | ??????## ##????????###?????????????????????? | | ??????# ##???????## ##????????????????????? | | ??????# #?????### ##???????????????????? | | ??????## #????## ##??????????????????? | | ???????#### #????# #??????????????????? | | ??????????# #????# ???????????????????? | | ??????????# #????# ?????????????????????? | | ??????????# #???## #??#???????????????????? | | ??????????# #??## #? #???????????????????? | | ??????????# #### ## ###?????????????????? | | ??????????# t##; #?????????????????? | | ??????????# #?????????????????????? | | ??????????##### #?????????????????????? | | ??????????????## @##?????????????????????? | | ???????????????## aa;#??????????????????????? | | ????????????????## a a##??????????????????????? | | ????????????????## a%a #???????????????????????? | | ???????????????## a ;#???????????????????????? | | ???????????????# a##???????????????????????? | | ??????????????## #????????????????????????? | | ??????????????# a ##????????????????????????? | | ??????????????# ##?????????????????????????? | | ?????????????# ##??????????????????????????? | | ?????????????# #???????????????????????????? | | ?????????????# #???????????????????????????? | | ?????????????# #???????????????????????????? | | ?????????????# % ???????????????????????????? | | ????????????? * ??????????????????????????? | | ???????????? ??????????????????????????? | | ??????????? ### ?????????????????????????? | | ??????????? #???# ????????????????????????? | | ?????????? #????? #????????????????????????? | | ?????????? ?????? #????????????????????????? | | ?????????? ?????? #????????????????????????? | | ?????????? ??????? ????????????????????????? | | ???????????? ??????????????????????????????????? | | ???????????????????????????????????????????????? | | ???????????????????????????????????????????????? | +----------------------------------------------------+ Best States ------------- Heat Dissipation 25 Energy Generation 14 Energy Capacity 250 Matter Stores 300 Matter Capacity 300 Sight Range 16 Terrain Scan Density 10 Evasion (%) 55 Item Schematics ----------------- None Robot Schematics ------------------ None Fabricated ------------ Nothing Repaired ---------- Nothing Alien Tech Used ----------------- None Achievements -------------- Back For More Challenges ------------ None Game ------ Seed GlidesysAlertCharger Manual? 0 Play Time 00:07:22 Cumulative 49.2 hours Start 2025.08.03 @ 16:25:01 End 2025.08.03 @ 16:31:41 Sessions 1 Manual Loads 0 Difficulty Rogue Special Mode None Game No. 50 Rogue 46 Adventurer 4 Explorer 0 Win Type - Total 1 Types 1/0/0/0/0/0/0/0/0/0 Lore% 31 Gallery% 35 Achievement% 35 Wizard Run 0 Options --------- Layout 0 ASCII 0 Keyboard 1 Movement Numpad Keybinds 0 Fullscreen 2 Font 24/Smallcaps Map View 76x50 Zoom Use 0% Tactical HUD 1 Map Filters NONE Filters NONE Steam 1 RUN: 739ce278-e069-4f94-9cb7-7aa41dcaee83